[Event "Titled Tuesday Blitz November 15 Early 2022"]
[White "Kopylov, Alexander A."]
[Black "Sarkar, Justin"]
[WhiteFideId "4164857"]
[BlackFideId "2010011"]
[WhiteElo "2436"]
[BlackElo "2239"]
[Result "1-0"]
[Round "01"]
[TimeControl "180+1"]
[Date "2022.11.16"]
[WhiteClock "0:01:53"]
[BlackClock "0:00:01"]

1. e4 c5 2. Nf3 e6 3. g3 Nc6 4. Bg2 d5 5. exd5 exd5 6. O-O Nf6 7. Re1+ Be7 8. d4 O-O 9. Nc3 Bg4 10. dxc5 Bxc5 11. h3 Be6 12. Na4 Bd6 13. Nc3 Bb4 14. a3 Bxc3 15. bxc3 h6 16. Nd4 Nxd4 17. Qxd4 Rc8 18. Qxa7 Rxc3 19. Qxb7 Rxc2 20. a4 Qc8 21. Qxc8 Rfxc8 22. a5 Ra8 23. a6 Rc6 24. a7 Rc7 25. Be3 Ne4 26. Reb1 Kh7 27. Rb8 1-0


[Site "https://www.chess.com"]

[Event "Titled Tuesday Blitz November 15 Early 2022"]
[White "Korchmar, Vasiliy"]
[Black "Fernandez Siles, Luis"]
[WhiteFideId "24131750"]
[BlackFideId "2209420"]
[WhiteElo "2370"]
[BlackElo "2186"]
[Result "1-0"]
[Round "01"]
[TimeControl "180+1"]
[Date "2022.11.16"]
[WhiteClock "0:01:54"]
[BlackClock "0:00:40"]

1. e4 c5 2. Nf3 Nc6 3. d4 cxd4 4. Nxd4 Nf6 5. Nc3 e5 6. Ndb5 d6 7. Nd5 Nxd5 8. exd5 Nb8 9. a4 Be7 10. Be2 O-O 11. O-O f5 12. f4 Nd7 13. Kh1 a6 14. Na3 Nc5 15. Nc4 exf4 16. Bxf4 b6 17. a5 b5 18. Nb6 Rb8 19. c4 bxc4 20. Bxc4 Bb7 21. b4 Ne4 22. Qd3 Bf6 23. Rac1 g5 24. Be3 Qe8 25. Rxf5 Qh5 26. Qxe4 Rbe8 27. Qf3 1-0


[Site "https://www.chess.com"]

[Event "Titled Tuesday Blitz November 15 Early 2022"]
[White "Koridze, Lile"]
[Black "Narayanan, Srinath"]
[WhiteFideId "13612514"]
[BlackFideId "5018420"]
[WhiteElo "2050"]
[BlackElo "2459"]
[Result "0-1"]
[Round "01"]
[TimeControl "180+1"]
[Date "2022.11.16"]
[WhiteClock "0:00:47"]
[BlackClock "0:00:37"]

1. d4 Nf6 2. c4 e6 3. Nf3 d5 4. g3 h6 5. Bg2 Bd6 6. O-O O-O 7. Qc2 Nc6 8. Nbd2 e5 9. dxe5 Nxe5 10. Nxe5 Bxe5 11. cxd5 Nxd5 12. Nc4 Bf6 13. Rd1 Be6 14. a3 b5 15. e4 bxc4 16. exd5 Bg4 17. f3 Bh5 18. Qxc4 Rb8 19. Qe2 Re8 20. Qf2 a5 21. a4 Rb4 22. Ra3 Qb8 23. b3 Rxb3 24. Ra2 Qb4 25. Bf4 Rb1 26. Rd2 Bc3 27. Rd3 Bg6 28. Bf1 Bxd3 29. Rxd3 Ree1 0-1


[Site "https://www.chess.com"]

[Event "Titled Tuesday Blitz November 15 Early 2022"]
[White "Kosakowski, Jakub"]
[Black "Avazkhonov, Alikhon"]
[WhiteFideId "1185080"]
[BlackFideId "14208504"]
[WhiteElo "2463"]
[BlackElo "1739"]
[Result "1-0"]
[Round "01"]
[TimeControl "180+1"]
[Date "2022.11.16"]
[WhiteClock "0:00:18"]
[BlackClock "0:00:03"]

1. d4 Nf6 2. c4 e6 3. Nc3 Bb4 4. e3 b6 5. Bd2 Bb7 6. a3 Bxc3 7. Bxc3 Ne4 8. Rc1 O-O 9. Nf3 d6 10. Nd2 Nxc3 11. Rxc3 Nd7 12. f3 e5 13. d5 f5 14. Be2 a5 15. b4 axb4 16. axb4 Qh4+ 17. g3 Qh3 18. Kf2 e4 19. f4 Ra2 20. Bf1 Qh6 21. h3 Rfa8 22. Be2 Qf6 23. Rc2 Rb2 24. Rxb2 Qxb2 25. Nb3 Ra3 26. Nd4 Qxb4 27. Nc2 Qb3 28. Nxa3 Qxa3 29. Qa1 Qxa1 30. Rxa1 Nc5 31. g4 g6 32. gxf5 gxf5 33. Kg3 Kg7 34. Kh4 Kf6 35. Rg1 Bc8 36. Rg8 Bd7 37. Kh5 Ba4 38. Kh6 Bc2 39. Rf8+ Ke7 40. Rxf5 Bd3 41. Bh5 Bxc4 42. Rf7+ Kd8 43. Rxh7 Bxd5 44. f5 b5 45. f6 Ne6 46. Bg4 Nf8 47. Rh8 Ke8 48. Kg7 1-0


[Site "https://www.chess.com"]

[Event "Titled Tuesday Blitz November 15 Early 2022"]
[White "Kostiukov, Alexandr"]
[Black "Cardoso Cardoso, Jose Gabriel"]
[WhiteFideId "14108100"]
[BlackFideId "4430492"]
[WhiteElo "2202"]
[BlackElo "2484"]
[Result "0-1"]
[Round "01"]
[TimeControl "180+1"]
[Date "2022.11.16"]
[WhiteClock "0:00:04"]
[BlackClock "0:00:04"]

1. g3 e5 2. Bg2 d5 3. c4 dxc4 4. Qa4+ Bd7 5. Qxc4 Bc6 6. Nf3 Nd7 7. O-O h6 8. Nc3 Ngf6 9. d4 exd4 10. Nxd4 Bxg2 11. Kxg2 Nb6 12. Qd3 Be7 13. Rd1 O-O 14. Nf5 Re8 15. Qf3 Qc8 16. Nxe7+ Rxe7 17. Bxh6 Ng4 18. Bg5 Ne5 19. Bxe7 Nxf3 20. Rd8+ Qxd8 21. Bxd8 Rxd8 22. Kxf3 Rd2 23. b3 Rc2 24. Ne4 Nd5 25. Rd1 c6 26. Rd2 Rc1 27. Nd6 b6 28. e4 Nf6 29. Nc8 Rc3+ 30. Kf4 g5+ 31. Ke5 Kg7 32. Nxa7 c5 33. Nb5 Rc1 34. Kf5 Re1 35. Nd6 Rh1 36. f3 Rg1 37. f4 gxf4 38. gxf4 Ng4 39. e5 Kf8 40. Nc4 Nh6+ 41. Ke4 Ke7 42. Kd5 b5 43. Nd6 c4 44. bxc4 bxc4 45. Nxc4 Nf5 46. Nd6 Ne3+ 47. Ke4 Ng4 48. Nf5+ Ke8 49. Ng7+ Kf8 50. Nf5 Ke8 51. Kf3 f6 52. Rg2 Rf1+ 53. Kxg4 fxe5 54. fxe5 Re1 55. Kf4 Rf1+ 56. Kg5 Kf7 57. Rb2 Rg1+ 58. Ng3 Ke6 59. Kf4 Rc1 60. Rb6+ Kf7 61. Rf6+ Ke8 62. Ne4 Rf1+ 63. Kg5 Rg1+ 64. Kf5 Rg2 65. Ke6 Rxa2 66. Nd6+ Kd8 67. Rf8+ Kc7 68. Rc8+ Kb6 69. h4 Rh2 70. Rh8 Kc5 71. h5 Kd4 72. Nf5+ Ke4 73. h6 Ra2 74. Kf6 Ra5 75. h7 Rxe5 0-1


[Site "https://www.chess.com"]

[Event "Titled Tuesday Blitz November 15 Early 2022"]
[White "Kowalczyk, Pawel"]
[Black "Vasques, Antonio Pedro Freixial"]
[WhiteFideId "1130641"]
[BlackFideId "1908332"]
[WhiteElo "2324"]
[BlackElo "2243"]
[Result "1-0"]
[Round "01"]
[TimeControl "180+1"]
[Date "2022.11.16"]
[WhiteClock "0:01:43"]
[BlackClock "0:00:01"]

1. e4 c5 2. Nf3 Nc6 3. d4 cxd4 4. Nxd4 e5 5. Nb5 d6 6. c4 Be7 7. N1c3 a6 8. Na3 f5 9. Bd3 f4 10. g3 fxg3 11. hxg3 Nf6 12. Nc2 O-O 13. Nd5 Be6 14. Bd2 Rc8 15. Qe2 b5 16. cxb5 axb5 17. Nxf6+ Bxf6 18. Bxb5 d5 19. a4 dxe4 20. Bc4 Qe8 21. Qxe4 g6 22. a5 Nd4 23. Bxe6+ Nxe6 24. Bc3 Qb5 25. Qe2 Qb3 26. O-O Nd4 27. Nxd4 exd4 28. Ra3 Qd5 29. Bd2 1-0


[Site "https://www.chess.com"]

[Event "Titled Tuesday Blitz November 15 Early 2022"]
[White "Kozak, Adam"]
[Black "Korelskiy, Egor"]
[WhiteFideId "753246"]
[BlackFideId "34329064"]
[WhiteElo "2459"]
[BlackElo "2043"]
[Result "1-0"]
[Round "01"]
[TimeControl "180+1"]
[Date "2022.11.15"]
[WhiteClock "0:00:14"]
[BlackClock "0:00:03"]

1. e4 c5 2. c3 e6 3. Nf3 d5 4. exd5 exd5 5. d4 Nf6 6. Bd3 Nc6 7. dxc5 Bxc5 8. O-O Be6 9. Nbd2 O-O 10. Nb3 Be7 11. Bc2 h6 12. Nfd4 Qd7 13. Nxe6 fxe6 14. Qe2 e5 15. Be3 Rae8 16. Rad1 Bd6 17. Bc5 Bxc5 18. Nxc5 Qe7 19. b4 Kh8 20. Bb3 Rd8 21. h3 b6 22. Nd3 Ne4 23. Rc1 Qd6 24. Rfe1 Rfe8 25. f3 Nf6 26. b5 e4 27. bxc6 exd3 28. Qxd3 Qxc6 29. Qd4 Qc5 30. Kf2 Qd6 31. Rcd1 Rxe1 32. Rxe1 Nh5 33. Qh4 Nf6 34. Re3 Qc5 35. Qd4 Qd6 36. Re5 Qd7 37. g4 Qd6 38. Kg2 Qd7 39. h4 Qc7 40. Bc2 Qc5 41. g5 Qxd4 42. cxd4 hxg5 43. hxg5 Nh5 44. Bb3 g6 45. Kf2 Nf4 46. Kg3 Nh5+ 47. Kg4 Rf8 48. Bxd5 Rf4+ 49. Kh3 Rxd4 50. Be4 Rd2 51. Re8+ Kg7 52. Re7+ Kf8 53. Rxa7 Rb2 54. a4 Rb1 55. Kg2 Rb2+ 56. Kh3 Rd2 57. Rc7 Ra2 58. Rc6 Rxa4 59. Bxg6 Nf4+ 60. Kg3 Ne2+ 61. Kf2 Nd4 62. Rxb6 Ra2+ 63. Kg3 Ra3 64. Be4 Kg7 65. Kg4 Ne2 66. Rb7+ Kg8 67. g6 Ra1 68. Bd5+ Kf8 69. g7+ Ke8 70. g8=Q# 1-0


[Site "https://www.chess.com"]

[Event "Titled Tuesday Blitz November 15 Early 2022"]
[White "Kozak, Antoni"]
[Black "Szente Varga, Fruzsina"]
[WhiteFideId "21832030"]
[BlackFideId "712264"]
[WhiteElo "2447"]
[BlackElo "1994"]
[Result "1-0"]
[Round "01"]
[TimeControl "180+1"]
[Date "2022.11.16"]
[WhiteClock "0:00:14"]
[BlackClock "0:00:04"]

1. d4 Nf6 2. Bf4 d5 3. c3 g6 4. e3 Bg7 5. h3 O-O 6. Nf3 c6 7. Bd3 Ne4 8. Nbd2 f5 9. Qe2 Nd7 10. g4 Ndf6 11. gxf5 Bxf5 12. O-O-O b5 13. Ne5 Qb6 14. Nb3 a5 15. f3 a4 16. fxe4 dxe4 17. Bc2 axb3 18. Bxb3+ e6 19. h4 h5 20. Rhg1 Kh7 21. Qg2 Ng4 22. Nxg4 Bxg4 23. Bxe6 c5 24. Bxg4 hxg4 25. dxc5 Qxc5 26. Qxg4 Ra6 27. h5 Bxc3 28. hxg6+ Kg8 29. Kb1 Bxb2 30. Qd7 Bg7 31. Qd5+ Qxd5 32. Rxd5 Rfa8 33. Rxb5 Rxa2 34. Rb8+ Rxb8+ 35. Kxa2 Rb2+ 36. Ka3 Rd2 37. Kb3 Rd3+ 38. Kc4 Kf8 39. Rg4 Rd1 40. Bg5 Rd6 41. Bf4 Re6 42. Kd5 Re8 43. Bd6+ Kg8 44. Rxe4 Rxe4 45. Kxe4 Bf6 46. Kf5 Kg7 47. Be5 Bxe5 48. Kxe5 Kxg6 49. e4 Kf7 50. Kd6 Kf8 51. Kd7 Kf7 52. e5 1-0


[Site "https://www.chess.com"]

[Event "Titled Tuesday Blitz November 15 Early 2022"]
[White "Krzyzanowski, Marcin"]
[Black "Gedgafov, Chamal"]
[WhiteFideId "1132199"]
[BlackFideId "34130621"]
[WhiteElo "2435"]
[BlackElo "2067"]
[Result "1-0"]
[Round "01"]
[TimeControl "180+1"]
[Date "2022.11.16"]
[WhiteClock "0:01:23"]
[BlackClock "0:01:51"]

1. e4 e6 2. d3 d5 3. Nd2 dxe4 4. dxe4 e5 5. Ngf3 Nc6 6. Bc4 Be7 7. O-O Nf6 8. c3 O-O 9. Qe2 Bg4 10. h3 Bh5 11. Rd1 Bd6 12. Nf1 h6 13. Ng3 Bg6 14. Nh4 Bh7 15. Nhf5 Ne7 16. Qf3 Nxf5 17. Nxf5 Bxf5 18. Qxf5 Qc8 19. Qf3 Kh7 20. b4 a6 21. a4 Qe8 22. Be3 Qe7 23. g4 a5 24. b5 Bc5 25. g5 Ng8 26. gxh6 Bxe3 27. hxg7 Qg5+ 28. Kh1 Rfd8 29. fxe3 Rxd1+ 30. Rxd1 Rd8 31. Rg1 Qf6 32. Qxf6 Nxf6 33. Bxf7 Ng8 34. Bd5 c6 35. bxc6 bxc6 36. Bxc6 Rc8 37. Bd7 Rxc3 38. Bf5+ Kh6 39. Be6 Kh7 40. Rg4 Rc7 41. Rh4+ Kg6 42. Bxg8 Kxg7 43. Rh7+ Kf6 44. Rxc7 1-0


[Site "https://www.chess.com"]

[Event "Titled Tuesday Blitz November 15 Early 2022"]
[White "Kula, Robert"]
[Black "Averjanov, Alexey"]
[WhiteFideId "1101218"]
[BlackFideId "14109867"]
[WhiteElo "2184"]
[BlackElo "2626"]
[Result "1/2-1/2"]
[Round "01"]
[TimeControl "180+1"]
[Date "2022.11.16"]
[WhiteClock "0:01:28"]
[BlackClock "0:02:33"]

1. d4 d5 2. c4 dxc4 3. e3 Nf6 4. Bxc4 e6 5. Nc3 a6 6. Nf3 b5 7. Bb3 Bb7 8. O-O Nbd7 9. Qe2 c5 10. Rd1 Qc7 11. dxc5 Bxc5 12. Bd2 O-O 13. Rac1 Qb6 14. a3 Rac8 15. h3 Rfd8 16. Be1 h6 17. Nd4 Be7 18. f3 Ne5 19. Bf2 Nc4 20. e4 Bc5 21. Bxc4 bxc4 22. Nc2 Rd3 23. Nb4 Bxf2+ 24. Qxf2 Qxf2+ 25. Kxf2 Rdd8 26. Rxd8+ Rxd8 27. Rd1 1/2-1/2


[Site "https://www.chess.com"]

[Event "Titled Tuesday Blitz November 15 Early 2022"]
[White "Le, Tuan Minh"]
[Black "Dzierzak, Radoslaw"]
[WhiteFideId "12401153"]
[BlackFideId "1161407"]
[WhiteElo "2530"]
[BlackElo "2111"]
[Result "1-0"]
[Round "01"]
[TimeControl "180+1"]
[Date "2022.11.15"]
[WhiteClock "0:00:35"]
[BlackClock "0:00:02"]

1. d4 Nf6 2. Nf3 e6 3. Bf4 b6 4. e3 Bb7 5. Bd3 c5 6. c3 cxd4 7. cxd4 Be7 8. Nc3 O-O 9. O-O d6 10. h3 a6 11. a4 Nbd7 12. Qe2 Re8 13. Bh2 Nf8 14. Rac1 Ng6 15. Rc2 Bf8 16. Rfc1 Qd7 17. Nd2 e5 18. Qf1 exd4 19. exd4 Rec8 20. Nc4 Qd8 21. b3 Nd5 22. Nxd5 Bxd5 23. Bg3 b5 24. axb5 axb5 25. Ne3 Bxb3 26. Rxc8 Rxc8 27. Bxb5 Rxc1 28. Qxc1 Qb6 29. Bc4 Bxc4 30. Qxc4 h5 31. h4 Ne7 32. d5 g6 33. Kh2 Qc5 34. Qxc5 dxc5 35. d6 Nc6 36. Nd5 c4 37. d7 f5 38. Bc7 Kf7 39. d8=Q Nxd8 40. Bxd8 Ke6 41. Nf4+ Kd7 42. Bg5 Bd6 43. Kg1 c3 44. Nd3 Ke6 45. Kf1 Kd5 46. Ke2 Ke4 47. f3+ Kd4 48. Ne1 Kc4 49. Nc2 Bg3 50. Ne3+ Kb3 51. Kd3 Be1 52. Nc2 Bg3 53. Bf6 f4 54. Bxc3 Bxh4 55. Nd4+ Ka4 56. Ne6 g5 57. Bf6 g4 58. Bxh4 gxf3 59. gxf3 Kb5 60. Nxf4 1-0


[Site "https://www.chess.com"]

[Event "Titled Tuesday Blitz November 15 Early 2022"]
[White "Lehtosaari, Mauri"]
[Black "Sarana, Alexey"]
[WhiteFideId "501999"]
[BlackFideId "24133795"]
[WhiteElo "2510"]
[BlackElo "2708"]
[Result "0-1"]
[Round "01"]
[TimeControl "180+1"]
[Date "2022.11.15"]
[WhiteClock "0:01:33"]
[BlackClock "0:02:08"]

1. d4 Nf6 2. Nf3 d5 3. Bg5 c5 4. e3 Nc6 5. c3 Ne4 6. Bf4 Qb6 7. Qb3 c4 8. Qxb6 axb6 9. Nfd2 Nxd2 10. Nxd2 b5 11. e4 e6 12. Be2 b4 13. Bf3 Ra5 14. exd5 exd5 15. O-O Be6 16. Rfe1 Be7 17. Bc7 Rb5 18. Nf1 Kd7 19. Bf4 Ra8 20. Ne3 g5 21. Bg3 f5 22. Nxc4 dxc4 23. d5 Bxd5 24. Rad1 Raa5 25. cxb4 Bxb4 26. a4 Rc5 0-1


[Site "https://www.chess.com"]

[Event "Titled Tuesday Blitz November 15 Early 2022"]
[White "Lohani, Sujana"]
[Black "Janaszak, Dawid"]
[WhiteFideId "12311987"]
[BlackFideId "1119206"]
[WhiteElo "1691"]
[BlackElo "2226"]
[Result "0-1"]
[Round "01"]
[TimeControl "180+1"]
[Date "2022.11.16"]
[WhiteClock "0:00:01"]
[BlackClock "0:01:41"]

1. d4 Nf6 2. Nf3 g6 3. c4 Bg7 4. g3 O-O 5. Bg2 d6 6. O-O c5 7. d5 b5 8. cxb5 a6 9. bxa6 Bf5 10. Nc3 Qb6 11. Re1 Nxa6 12. e4 Bd7 13. e5 dxe5 14. Nxe5 Rad8 15. Nc4 Qa7 16. Rxe7 Rfe8 17. Rxe8+ Rxe8 18. Be3 Ng4 19. Bf4 Bd4 20. Ne3 Bxe3 21. fxe3 Nxe3 22. Qf3 c4 23. Kh1 Nf5 24. g4 Nh4 25. Qh3 Nxg2 26. Kxg2 Qd4 27. Qf3 Nb4 28. Rd1 Nd3 29. Bh6 Ne1+ 30. Rxe1 Rxe1 31. Qg3 Rg1+ 32. Kh3 Bxg4+ 33. Kh4 Rxg3 34. Kxg3 Bf5 0-1


[Site "https://www.chess.com"]

[Event "Titled Tuesday Blitz November 15 Early 2022"]
[White "Lopez Del Alamo, Antonio"]
[Black "Sadubayev, Airat"]
[WhiteFideId "2227339"]
[BlackFideId "13713264"]
[WhiteElo "2175"]
[BlackElo "2160"]
[Result "0-1"]
[Round "01"]
[TimeControl "180+1"]
[Date "2022.11.16"]
[WhiteClock "0:00:56"]
[BlackClock "0:01:31"]

1. e4 c6 2. Nc3 d5 3. Nf3 Bg4 4. h3 Bxf3 5. Qxf3 e6 6. d3 Nd7 7. g3 Bb4 8. Bd2 d4 9. Ne2 Qb6 10. O-O-O Bxd2+ 11. Rxd2 Ngf6 12. Kb1 O-O 13. Qg2 c5 14. Nc1 Rfc8 15. f4 a5 16. g4 a4 17. a3 Ra5 18. Ne2 c4 19. dxc4 Rxc4 20. Nc1 Rc8 21. g5 Ne8 22. Nd3 Nd6 23. Nb4 Nb8 24. Bd3 Nc6 25. Nxc6 bxc6 26. f5 Rb8 27. Kc1 Qxb2+ 28. Kd1 exf5 29. exf5 Re8 0-1


[Site "https://www.chess.com"]

[Event "Titled Tuesday Blitz November 15 Early 2022"]
[White "Lucas, Arthur"]
[Black "Deac, Bogdan-Daniel"]
[WhiteFideId "26093073"]
[BlackFideId "1226380"]
[WhiteElo "2251"]
[BlackElo "2648"]
[Result "0-1"]
[Round "01"]
[TimeControl "180+1"]
[Date "2022.11.15"]
[WhiteClock "0:00:01"]
[BlackClock "0:00:18"]

1. e4 c6 2. Nc3 d5 3. Nf3 a6 4. h3 dxe4 5. Nxe4 Bf5 6. Ng3 Be6 7. d4 Bd5 8. Be2 g6 9. O-O Bg7 10. Be3 Nf6 11. Ne5 Nbd7 12. Qd2 O-O 13. Bh6 Qc7 14. Bxg7 Kxg7 15. Qg5 Be6 16. Bd3 h6 17. Qe3 c5 18. Nxd7 cxd4 19. Qxd4 Qxd7 20. Qxd7 Nxd7 21. Be4 Nc5 22. Bf3 Rab8 23. Rfd1 Rfc8 24. Rd2 b5 25. a3 Na4 26. c3 Rd8 27. Rad1 Rxd2 28. Rxd2 Nb6 29. Be2 Nc4 30. Bxc4 bxc4 31. Ne4 Rb5 32. f3 f5 33. Nf2 Kf6 34. Nd1 Rd5 35. Rxd5 Bxd5 36. Kf2 f4 37. Ke2 g5 38. Nf2 h5 39. Kd2 e5 40. Ke2 Kf5 41. Kd2 e4 42. Ke2 e3 43. Nd1 h4 44. Ke1 Bc6 45. Ke2 Ba4 46. Ke1 Bxd1 47. Kxd1 Ke5 48. Ke2 Kd5 49. Kd1 Kc5 50. a4 Kb6 0-1


[Site "https://www.chess.com"]

[Event "Titled Tuesday Blitz November 15 Early 2022"]
[White "Makridis, Dimitrios"]
[Black "Karas, Marek"]
[WhiteFideId "25864475"]
[BlackFideId "14928558"]
[WhiteElo "2272"]
[BlackElo "2220"]
[Result "1-0"]
[Round "01"]
[TimeControl "180+1"]
[Date "2022.11.16"]
[WhiteClock "0:00:34"]
[BlackClock "0:00:42"]

1. Nf3 Nf6 2. g3 d5 3. Bg2 c6 4. O-O Bg4 5. Ne5 Bf5 6. d3 Nbd7 7. f4 e6 8. Nc3 Be7 9. e4 Bg6 10. Nxg6 hxg6 11. e5 Ng8 12. d4 Nh6 13. Ne2 g5 14. c3 gxf4 15. Nxf4 Nf5 16. Qg4 Nf8 17. Qf3 Bg5 18. Nh5 Bxc1 19. Nxg7+ Kd7 20. Nxf5 Bxb2 21. Rab1 exf5 22. Qxf5+ Ne6 23. Qxf7+ Qe7 24. Rxb2 b5 25. Rbf2 Raf8 26. Qg6 Rfg8 27. Qd3 Rf8 28. a4 Rxf2 29. Rxf2 a6 30. axb5 axb5 31. h4 Kc7 32. Qg6 Rf8 33. Rxf8 Nxf8 34. Qf6 Qa3 35. Kh2 Nd7 36. Qf7 Qf8 37. Qxf8 Nxf8 38. g4 Ne6 39. h5 Kd7 40. h6 Ng5 41. Kg3 Ke7 42. Kh4 Nf7 43. g5 Kf8 44. Kh5 Nd8 45. Bh3 c5 46. g6 cxd4 47. cxd4 b4 48. g7+ Kf7 49. e6+ 1-0


[Site "https://www.chess.com"]

[Event "Titled Tuesday Blitz November 15 Early 2022"]
[White "Manukyan, Sargis A."]
[Black "Desideri, Ricardo Maruchi"]
[WhiteFideId "13303970"]
[BlackFideId "2110440"]
[WhiteElo "2187"]
[BlackElo "1945"]
[Result "1-0"]
[Round "01"]
[TimeControl "180+1"]
[Date "2022.11.16"]
[WhiteClock "0:01:06"]
[BlackClock "0:01:38"]

1. Nf3 d6 2. d4 g6 3. c4 Bg7 4. Nc3 c5 5. d5 Nf6 6. e4 Bg4 7. Be2 Bxf3 8. Bxf3 O-O 9. h4 e6 10. h5 exd5 11. exd5 Re8+ 12. Kf1 Nbd7 13. hxg6 hxg6 14. Bh6 Ne5 15. Qc1 Bh8 16. Be2 Neg4 17. Bg5 Qd7 18. Qf4 Bg7 19. Rh4 Ne5 20. Bxf6 1-0


[Site "https://www.chess.com"]

[Event "Titled Tuesday Blitz November 15 Early 2022"]
[White "Marcolino, Daniel Mattos"]
[Black "Chyzy, Jakub"]
[WhiteFideId "2106841"]
[BlackFideId "21806209"]
[WhiteElo "2116"]
[BlackElo "2203"]
[Result "1-0"]
[Round "01"]
[TimeControl "180+1"]
[Date "2022.11.16"]
[WhiteClock "0:00:55"]
[BlackClock "0:02:01"]

1. d4 Nf6 2. Nf3 d6 3. g3 Nbd7 4. Bg2 e5 5. dxe5 dxe5 6. O-O Be7 7. b3 O-O 8. Bb2 e4 9. Ng5 Nc5 10. Nd2 Bf5 11. b4 Na4 12. Ba3 Nc3 13. Qe1 h6 14. Nh3 a5 15. Bb2 axb4 16. e3 1-0


[Site "https://www.chess.com"]

[Event "Titled Tuesday Blitz November 15 Early 2022"]
[White "Martin Duque, Jesus"]
[Black "Bongo Akanga Ndjila, Barthelemy"]
[WhiteFideId "2208954"]
[BlackFideId "10609431"]
[WhiteElo "2297"]
[BlackElo "1768"]
[Result "1-0"]
[Round "01"]
[TimeControl "180+1"]
[Date "2022.11.16"]
[WhiteClock "0:00:49"]
[BlackClock "0:00:42"]

1. Nf3 g6 2. d4 Bg7 3. e3 Nh6 4. h4 f5 5. h5 O-O 6. hxg6 hxg6 7. Ne5 Qe8 8. e4 d6 9. Bxh6 dxe5 10. Bc4+ e6 11. dxe5 Nc6 12. Bb5 Bd7 13. Bxc6 Bxc6 14. Nc3 Rd8 15. Qc1 Qe7 16. Bxg7 Qxg7 17. Qh6 Qxh6 18. Rxh6 Kg7 19. Rh4 g5 20. Rh5 Kg6 21. g4 fxg4 22. Rh2 Rf4 23. Rd1 Rxd1+ 24. Kxd1 Bxe4 25. Rh8 Bf3+ 26. Kd2 Rd4+ 27. Ke3 Rb4 28. b3 Rb6 29. Rc8 Rc6 30. Kd4 Kf5 31. b4 a6 32. a4 b5 33. Rf8+ Kg6 34. Rf6+ Kh5 35. a5 Rc4+ 36. Kd3 Rxb4 37. Rxe6 c5 38. Rf6 Rd4+ 39. Ke3 b4 40. Na4 Rc4 41. Kd3 Rd4+ 42. Ke3 Rc4 43. Kd2 Be4 44. c3 bxc3+ 45. Nxc3 Bf3 46. e6 Rb4 47. e7 Rb2+ 48. Kc1 Rb3 49. Kc2 Rb8 50. Rf8 1-0


[Site "https://www.chess.com"]

[Event "Titled Tuesday Blitz November 15 Early 2022"]
[White "Martin, Lewis"]
[Black "Prokofiev, Valentyn"]
[WhiteFideId "410551"]
[BlackFideId "14160161"]
[WhiteElo "2145"]
[BlackElo "2259"]
[Result "0-1"]
[Round "01"]
[TimeControl "180+1"]
[Date "2022.11.16"]
[WhiteClock "0:01:17"]
[BlackClock "0:01:23"]

1. e4 c5 2. Nf3 e6 3. d4 cxd4 4. Nxd4 a6 5. Nc3 Qc7 6. g3 Nc6 7. Bg2 Nf6 8. O-O Bb4 9. Nde2 O-O 10. Bf4 Qd8 11. a3 Be7 12. Bd6 Ne8 13. e5 Bxd6 14. exd6 b5 15. Ne4 Qb6 16. b4 Ra7 17. Nc5 Ne5 18. Nc3 Qxd6 19. Qe2 Qc7 20. Rfe1 d6 21. N5e4 Nc4 22. Rad1 Nxa3 23. Rd3 Nc4 24. Ng5 h6 25. Nh3 Bb7 0-1


[Site "https://www.chess.com"]

[Event "Titled Tuesday Blitz November 15 Early 2022"]
[White "Melian, Juan Sebastian"]
[Black "Alhadad, Mahmoud"]
[WhiteFideId "3706575"]
[BlackFideId "11501863"]
[WhiteElo "2044"]
[BlackElo "1955"]
[Result "1-0"]
[Round "01"]
[TimeControl "180+1"]
[Date "2022.11.16"]
[WhiteClock "0:00:43"]
[BlackClock "0:00:08"]

1. d4 d5 2. c4 Nc6 3. Nf3 Bg4 4. e3 e5 5. Be2 e4 6. Nfd2 Bxe2 7. Qxe2 Nf6 8. a3 Be7 9. Nc3 O-O 10. cxd5 Nxd5 11. Ndxe4 f5 12. Qc4 fxe4 13. Qxd5+ Qxd5 14. Nxd5 Bd6 15. Nc3 Rae8 16. O-O Na5 17. b4 Nc4 18. Ra2 c6 19. Re2 a5 20. b5 Bxa3 21. Bxa3 Nxa3 22. bxc6 bxc6 23. Ra1 Nb5 24. Rc2 Nxc3 25. Rxc3 Rb8 26. Rac1 Rf6 27. h3 Rb6 28. R1c2 Ra6 29. Ra2 g6 30. g4 Rd6 31. Ra4 Kf7 32. Kg2 Rd5 33. Rac4 Rd6 34. Kg3 Ke6 35. Kf4 Kd7 36. Kxe4 g5 37. f4 gxf4 38. exf4 a4 39. Ra3 Re6+ 40. Kf3 h5 41. Rcxa4 Rxa4 42. Rxa4 hxg4+ 43. hxg4 Kd6 44. f5 Re1 45. Kf4 Kd5 46. Kg5 Rc1 47. Kf6 Rc4 48. Rxc4 Kxc4 49. g5 Kxd4 50. g6 c5 51. g7 c4 52. g8=Q c3 53. Qg5 Kd3 54. Qc1 c2 55. Ke6 Ke4 56. Qxc2+ Kd4 1-0


[Site "https://www.chess.com"]

[Event "Titled Tuesday Blitz November 15 Early 2022"]
[White "Melikhov, Evgeny V."]
[Black "Donchenko, Alexander"]
[WhiteFideId "4122046"]
[BlackFideId "24603295"]
[WhiteElo "2169"]
[BlackElo "2572"]
[Result "0-1"]
[Round "01"]
[TimeControl "180+1"]
[Date "2022.11.16"]
[WhiteClock "0:00:01"]
[BlackClock "0:01:26"]

1. d4 Nf6 2. c4 e6 3. Nc3 Bb4 4. Qc2 d5 5. cxd5 exd5 6. Bg5 h6 7. Bxf6 Qxf6 8. a3 Bxc3+ 9. Qxc3 O-O 10. e3 c6 11. Nf3 Bg4 12. Be2 Nd7 13. O-O Rfe8 14. Rfc1 Nb6 15. Qc2 Nc8 16. Ne5 Bxe2 17. Qxe2 Nd6 18. b4 a5 19. Rab1 axb4 20. axb4 Ra7 21. Qc2 Rea8 22. Nd7 Qe7 23. Nb6 Ra2 24. Qc5 R8a6 25. b5 R6a5 26. Qc3 Rxb5 27. Rxb5 Nxb5 28. Qb3 Ra3 29. Nxd5 Qd6 30. Qb4 Qxd5 0-1


[Site "https://www.chess.com"]

[Event "Titled Tuesday Blitz November 15 Early 2022"]
[White "Mitrabha, Guha"]
[Black "Sariego Figueredo, Wilfredo"]
[WhiteFideId "5057000"]
[BlackFideId "3500080"]
[WhiteElo "2526"]
[BlackElo "2309"]
[Result "1-0"]
[Round "01"]
[TimeControl "180+1"]
[Date "2022.11.16"]
[WhiteClock "0:00:22"]
[BlackClock "0:01:04"]

1. Nf3 c5 2. c4 Nf6 3. g3 g6 4. Bg2 Bg7 5. O-O O-O 6. Nc3 Nc6 7. d4 cxd4 8. Nxd4 d6 9. b3 Qc7 10. Bb2 Bd7 11. Rc1 Rac8 12. Nd5 Qd8 13. Nxc6 Bxc6 14. Nxf6+ Bxf6 15. Bxf6 exf6 16. Qd4 Re8 17. e3 Re5 18. Rfd1 Bxg2 19. Kxg2 d5 20. Qxa7 Qe7 21. c5 Re6 22. Qa4 Rxc5 23. Rxc5 Qxc5 24. Qa8+ Kg7 25. Qxb7 Rxe3 26. Qxd5 Qxd5+ 27. Rxd5 Re2 28. a4 Rb2 29. Rb5 Kf8 30. a5 Ke7 31. b4 Kd6 32. Rb7 h5 33. a6 Ra2 34. b5 f5 35. Rxf7 Kc5 36. Rb7 Ra5 37. a7 Kd5 38. b6 Kc6 39. Rb8 1-0


[Site "https://www.chess.com"]